 Dungeon Crawl Stone Soup version 0.31.0-10-gcf4a605ca0 (webtiles) character file.

Game seed: 15174287535559876678

18396 ProzacElf the Covert (level 12, 0/94 HPs)
             Began as a Vampire Chaos Knight on Jan 26, 2024.
             Was a Plaything of Xom.
             Slain by a black mamba (11 damage)
             ... on level 3 of the Lair of Beasts.
             The game lasted 00:37:08 (11289 turns).

ProzacElf the Covert (Vampire Chaos Knight)        Turns: 11289, Time: 00:37:08

Health: 0/94       AC: 12    Str: 13    XL:     12   Next: 27%
Magic:  0/12       EV: 23    Int: 18    God:    Xom [.*....]
Gold:   1481       SH:  4    Dex: 17    Spells: 10/11 levels left

rFire   + . .        a - +5 long sword (venom)
rCold   . . .        (no shield)
rNeg    . . .        M - +2 ring mail {rF+}
rPois   .            (helmet restricted)
rElec   +            Q - scarf {repulsion}
rCorr   .            d - +0 pair of gloves
SInv    +            f - +0 pair of boots
Will    +....        p - amulet of guardian spirit
Stlth   ++++         y - +5 ring of evasion
HPRegen 0.55/turn    l - +5 ring of evasion {=R}
MPRegen 0.13/turn

%: repel missiles, guardian spirit
@: healing quickly
A: alive, fangs 3, see invisible, vampiric 2, horns 1, iridescent scales 2,
large bone plates 1, agile 1, clever 1, deformed body, robust 1, electricity
resistance, MP-powered wands
a: Exsanguinate, Renounce Religion


You were on level 3 of the Lair of Beasts.
You worshipped Xom.
You were a plaything of Xom.
You visited 3 branches of the dungeon, and saw 13 of its levels.
You also visited: Bailey.

You collected 1481 gold pieces.

Inventory:

Hand Weapons
 a - a +5 long sword of venom (weapon)
 b - a +5 short sword
 V - a +0 longbow
 Z - a +3 short sword of venom
Missiles
 n - a throwing net
 o - 10 atropa-tipped darts
 t - 30 boomerangs (quivered)
 w - 15 curare-tipped darts
 A - 4 datura-tipped darts
 C - 34 poisoned darts
 O - 2 javelins
Armour
 d - a +0 pair of gloves (worn)
 f - a +0 pair of boots (worn)
 j - a +3 leather armour of cold resistance
 M - a +2 ring mail of fire resistance (worn)
 Q - a scarf of repulsion (worn)
Magical Staves
 h - a staff of cold
 F - a staff of air
 W - a staff of earth
Jewellery
 l - a +5 ring of evasion (right hand) {=R}
 p - an amulet of guardian spirit (around neck)
 q - a ring of protection from cold
 y - a +5 ring of evasion (left hand)
 G - a ring of wizardry
 K - an amulet of the acrobat
 T - a +5 ring of evasion
Talismans
 D - a blade talisman
Wands
 E - a wand of polymorph (6)
 J - a wand of digging (5)
 S - a wand of flame (8)
 U - a wand of charming (8)
Scrolls
 c - a scroll of butterflies
 i - a scroll of silence
 u - a scroll of revelation
 B - a scroll of fog
 L - 3 scrolls of teleportation
 N - 2 scrolls of torment
 R - 2 scrolls of enchant armour
Potions
 e - 2 potions of ambrosia {!e}
 g - a potion of brilliance
 k - 2 potions of magic {unknown}
 m - a potion of attraction
 r - 3 potions of resistance
 s - 2 potions of degeneration {unknown}
 v - 3 potions of curing
 x - 2 potions of invisibility
 z - 3 potions of enlightenment
 H - a potion of heal wounds
 I - 4 potions of haste
 P - 2 potions of might
 X - a potion of mutation
 Y - a potion of lignification


   Skills:
 - Level 5.0 Fighting
 - Level 10.0 Long Blades
 - Level 5.0 Armour
 - Level 5.0 Dodging
 - Level 10.0 Stealth
 + Level 0.4 Spellcasting
 + Level 0.3 Translocations
 - Level 10.0 Evocations
 - Level 10.0 Shapeshifting


You had 10 spell levels left.
You knew the following spells:

 Your Spells              Type           Power      Damage    Failure   Level
p - Apportation           Tloc           2%         N/A       36%         1

Your spell library contained the following spells:

 Spells                   Type           Power      Damage    Failure   Level
 Lesser Beckoning         Tloc           2%         N/A       50%         2
 Cigotuvi's Dreadful Rot  Necr/Alch/Air  0%         N/A       54%         2
 Jinxbite                 Hex            0%         N/A       54%         2
 Gell's Gravitas          Tloc           1%         N/A       73%         3
 Teleport Other           Tloc           1%         N/A       73%         3
 Volatile Blastmotes      Fire/Tloc      2%         2d10      75%         3
 Inner Flame              Hex/Fire       0%         N/A       77%         3
 Tukima's Dance           Hex            0%         N/A       77%         3
 Dimensional Bullseye     Hex/Tloc       0%         N/A       98%         4
 Iskenderun's Mystic Bla  Conj/Tloc      1%         2d3       98%         4
 Fulminant Prism          Conj/Alch      0%         3d5       99%         4
 Ignite Poison            Fire/Alch      0%         N/A       99%         4
 Sticky Flame             Fire/Alch      0%         2d4       99%         4
 Alistair's Intoxication  Alch           0%         N/A       100%        5
 Freezing Cloud           Conj/Ice/Air   0%         6-21      100%        5
 Fire Storm               Conj/Fire      0%         5d1       100%        9


Dungeon Overview and Level Annotations

Branches:
Dungeon (9/15)             Temple (1/1) D:5            Lair (3/5) D:9
  Swamp (0/4) Lair:2        Snake (0/4) Lair:2       Bailey (visited)
    Orc: D:9-12

Altars:
Ashenzari
Dithmenos
Fedhas
Gozag
Hepliaklqana
Kikubaaqudgha
Makhleb
Nemelex Xobeh
Okawaru
Qazlal
Ru
Sif Muna
Trog
Vehumet
Wu Jian
Xom

Shops:
D:7 [

Annotations:
D:4 3 runed translucent doors, Gadfly's ghost, amateur DsSh; gdog's ghost, amateur GnDe
Lair:3 3 runed translucent doors, Ixoagrun's ghost, journeyman MiFi


Innate Abilities, Weirdness & Mutations

Your natural rate of healing is accelerated.
You have razor-sharp teeth.
You have supernaturally acute eyesight. (SInv)
You are afflicted with vampirism and can become a bat while bloodless.
You have a pair of small horns on your head.
You are mostly covered in iridescent scales. (AC +4)
You are partially covered in large bone plates. (SH +4)
You are agile. (Dex +4, Str/Int -1)
Your mind is acute. (Int +4, Str/Dex -1)
Armour fits poorly on your strangely shaped body.
You are robust. (+10% HP)
You are resistant to electric shocks. (rElec)
You expend magic power (3 MP) to strengthen your wands.


Message History

Tha t'n-headed hydra barely misses ye.
Ye block tha t'n-headed hydra's attack.
Tha t'n-headed hydra closely misses ye.
Tha t'n-headed hydra completely misses ye. x2
Tha t'n-headed hydra bites ye.
* * * LOW HITPOINT WARNIN'
* * * Tha t'n-headed hydra bites ye!
* * * LOW HITPOINT WARNIN'
* * * Ye take 9 damage, an' haf 7/94 hp.
Ye now haf 1/12 mp.
Okay, than.
Tha black mamba attacks as it pursues ye!
Tha black mamba misses ye.
Yer crimson imp misses tha black mamba.
Aimin': Charm
Press: ? - help, Shift-Dir - straight line, f - t'n-headed hydra
Aim: a t'n-headed hydra (moderately wounded, very poison'd, chance ta affect: 39%) Okay, than.
Aimin': Polymorph
Press: ? - help, Shift-Dir - straight line, f - t'n-headed hydra
Aim: a t'n-headed hydra (moderately wounded, very poison'd, will become a goliath frog, a ghost moth, or a storm dragon, chance ta affect: 39%) Okay, than.
Yer crimson imp barely misses tha black mamba.
Thar be an op'n gate 'ere.
Xom almost notices ye.
Yer eyebrows wriggle.
Yer crimson imp blinks!
Yer crimson imp completely misses tha black mamba.
Thar be a shimmerin' altar o' Xom 'ere.
Tha black mamba bites ye!
* * * LOW HITPOINT WARNIN'
* * * Ye be leth'lly poison'd!
Tha black mamba poisons ye!
Ye take 8 damage, an' haf 4/94 hp.
Ye now haf 1/12 mp.
Ye feel better.
Tha black mamba completely misses ye.
Ye regain'd 9 hp, an' now haf 13/94 hp.
Tha black mamba bites ye.
* * * LOW HITPOINT WARNIN'
* * * Ye take 3 damage, an' haf 10/94 hp.
Tha black mamba attacks as it pursues ye!
Tha black mamba bites ye!
Ye die...
Xom giggles madly!

##.....P##### ##..# #)......#.##
##...#.P#.#.####..## ##..........
#.#.#.............# ##..........
.#...#.#)####..#..# #P...#######
.....#..#.# ##....# ##P..#......
.##P##...####....## ##..#..#.#.
########.......#.# ####..#.?.#..
###########.#.####.....#.!...k .
##..# ###@##.......#.?.#..
..#...#### #.S.........#.$#.#.
.....##'.######....#...#..#...W..
..%รท.'.5......#_D..##.#...#######
.....##'.#......>.....(..........
..#...###........................
. ##..##......................##.
#######.......................
#...#...........##..#...


You could see a ten-headed hydra (poisoned) and a black mamba.

Vanquished Creatures
  A formless jellyfish (Lair:3)
  A boulder beetle (Lair:1)
  A two-headed ogre (D:9)
  Sonja (Lair:3)
  3 black mambas
  An elephant (D:9)
  Maggie (D:9)
  A rime drake (Lair:3)
  4 cane toads
  3 komodo dragons
  A polar bear (Lair:3)
  12 blink frogs
  A slime creature (D:8)
  A shadow (D:9)
  11 yaks
  A spriggan (D:5)
  Grum (Lair:1)
  A basilisk (D:9)
  A steam dragon (D:8)
  A naga (Lair:2)
  9 water moccasins
  A black bear (D:4)
  6 orc warriors
  A sky beast (D:7)
  An ogre (D:4)
  4 wolves (Lair:1)
  2 centaurs
  2 lemures (D:7)
  A phantom (D:6)
  6 kobold brigands
  5 bullfrogs
  A scorpion (D:4)
  5 wights (D:7)
  17 killer bees
  4 howler monkeys
  A bombardier beetle (D:3)
  3 iron imps (D:3)
  2 gnoll boudas
  Crazy Yiuf (D:7)
  8 orc priests
  2 hounds (D:5)
  11 jellies
  2 sleepcaps
  Jessica (D:3)
  3 iguanas
  6 orc wizards
  Natasha (thrice) (D:3)
  9 gnolls
  4 adders
  2 white imps
  4 ufetubi
  3 dart slugs
  37 orcs
  23 endoplasms
  2 giant cockroaches
  7 goblins
  8 hobgoblins
  8 jackals (D:1)
  4 quokkas
  9 ball pythons
  8 bats
  3 frilled lizards
  24 kobolds
  4 rats
315 creatures vanquished.

Vanquished Creatures (collateral kills)
  A hornet (D:8)
  A blink frog (Lair:1)
  3 slime creatures (D:7)
  A centaur (D:7)
  A kobold brigand (Bailey)
  An iguana (D:7)
  An adder (D:6)
  2 ufetubi (D:7)
  An orc (D:9)
12 creatures vanquished.

Vanquished Creatures (others)
  Pikel (D:7)
  2 lemures (D:7)
  3 killer bees (D:9)
  An orc zombie (D:7)
7 creatures vanquished.

Grand Total: 334 creatures vanquished

Notes
Turn   | Place    | Note
-------+----------+-------------------------------------------
     0 | D:1      | ProzacElf the Vampire Chaos Knight began the quest for the
                  | Orb.
     0 | D:1      | Reached XP level 1. HP: 17/17 MP: 1/1
    11 | D:1      | XOM: silly message
    23 | D:1      | Reached skill level 1 in Stealth
    76 | D:1      | Reached XP level 2. HP: 23/23 MP: 2/2
   232 | D:1      | XOM: polymorph jackal -> jackal
   248 | D:1      | Gained mutation: You are afflicted with vampirism and can
                  | become a bat while bloodless. [Vampire growth]
   248 | D:1      | Reached XP level 3. HP: 10/28 MP: 3/3
   367 | D:1      | Found a faded altar of an unknown god.
   786 | D:2      | XOM: scenery: summon butterflies
   790 | D:2      | Reached XP level 4. HP: 34/34 MP: 4/4
   799 | D:2      | Found a bloodstained altar of Trog.
  1031 | D:2      | XOM: god gift: fuming amethyst potion {god gift}
  1253 | D:2      | XOM: give mutations
  1253 | D:2      | Gained mutation: You are robust. (+10% HP) [Xom's mischief]
  1253 | D:2      | Gained mutation: Armour fits poorly on your strangely
                  | shaped body. [Xom's mischief]
  1361 | D:3      | Reached XP level 5. HP: 40/42 MP: 5/5
  1491 | D:3      | Found a blossoming altar of Fedhas.
  1495 | D:3      | Noticed Natasha
  1514 | D:3      | Killed Natasha
  1571 | D:3      | Noticed Natasha
  1581 | D:3      | Killed Natasha
  1585 | D:3      | XOM: divination: magic mapping
  1614 | D:3      | Noticed Jessica
  1618 | D:3      | Killed Jessica
  1619 | D:3      | Reached skill level 5 in Stealth
  1635 | D:3      | Noticed Natasha
  1649 | D:3      | Killed Natasha
  1707 | D:3      | Found a burning altar of Makhleb.
  1709 | D:3      | XOM: divination: detect items
  1720 | D:3      | XOM: silly message
  1726 | D:3      | Reached XP level 6. HP: 50/50 MP: 6/6
  1917 | D:4      | XOM: cast spell 'Leda's Liquefaction'
  1926 | D:4      | XOM: divination: detect creatures
  1945 | D:4      | XOM: potion effect (brilliance)
  1998 | D:3      | Reached skill level 5 in Long Blades
  2012 | D:4      | XOM: silly message
  2047 | D:4      | Found a runed translucent gate.
  2048 | D:4      | Found a runed translucent gate.
  2121 | D:4      | Reached skill level 5 in Dodging
  2121 | D:4      | Reached XP level 7. HP: 46/56 MP: 5/7
  2187 | D:4      | XOM: cloud trail
  2359 | D:4      | XOM: enchant monster (good)
  2516 | D:4      | XOM: divination: detect creatures
  2577 | D:4      | XOM: confuse monster(s)
  2835 | D:4      | Found a runed translucent gate.
  2934 | D:4      | Noticed Gadfly's ghost (amateur DsSh)
  2935 | D:4      | Noticed gdog's ghost (amateur GnDe)
  2969 | D:5      | Entered Level 5 of the Dungeon
  2988 | D:5      | XOM: cloud trail
  3029 | D:5      | XOM: polymorph water moccasin -> killer bee
  3041 | D:5      | Reached XP level 8. HP: 53/62 MP: 5/8
  3053 | D:5      | XOM: polymorph orc priest -> spriggan
  3096 | D:5      | Found a broken altar of Ashenzari.
  3309 | D:5      | Reached skill level 10 in Stealth
  3320 | D:5      | XOM: silly message
  3323 | D:5      | XOM: enchant monster (bad)
  3510 | D:5      | Found a staircase to the Ecumenical Temple.
  3514 | Temple   | Entered the Ecumenical Temple
  3964 | D:6      | XOM: stat loss: -1 Str (12/13)
  4019 | D:6      | XOM: noise
  4244 | D:6      | XOM: blink monster(s)
  4299 | D:6      | XOM: confusion
  4361 | D:6      | Found a stormy altar of Qazlal.
  4364 | D:6      | XOM: repel stairs
  4379 | D:6      | XOM: enchant monster (bad)
  4381 | D:6      | XOM: enchant monster (bad)
  4574 | D:7      | Noticed a slime creature
  4574 | D:7      | Noticed a slime creature
  4575 | D:7      | Noticed a slime creature
  4575 | D:7      | XOM: cast spell 'Summon Horrible Things'
  4576 | D:7      | Killed a slime creature
  4577 | D:7      | Reached skill level 1 in Evocations
  4577 | D:7      | Reached XP level 9. HP: 68/68 MP: 9/9
  4612 | D:7      | Found a sparkling altar of Nemelex Xobeh.
  4633 | D:7      | XOM: silly message
  4655 | D:7      | Found Oleno's Armour Emporium.
  4655 | D:7      | Noticed an animated shadow dragon scales
  4655 | D:7      | Noticed an animated gold dragon scales
  4655 | D:7      | XOM: 6-stop teleportation journey
  4661 | D:7      | XOM: scenery: summon butterflies
  4672 | D:7      | XOM: enchant monster (good)
  4848 | D:7      | Found an ornate altar of the Wu Jian Council.
  4850 | D:7      | XOM: give mutations
  4850 | D:7      | Gained mutation: You are partially covered in large bone
                  | plates. (SH +4) [Xom's grace]
  4850 | D:7      | Gained mutation: You are partially covered in iridescent
                  | scales. (AC +2) [Xom's grace]
  4850 | D:7      | Gained mutation: You are agile. (Dex +4, Str/Int -1) [Xom's
                  | grace]
  4961 | D:7      | Reached skill level 10 in Long Blades
  5008 | D:7      | XOM: give mutation
  5008 | D:7      | Gained mutation: You are resistant to electric shocks.
                  | (rElec) [Xom's grace]
  5048 | D:7      | XOM: fog
  5059 | D:7      | XOM: give mutations
  5059 | D:7      | Gained mutation: You have a pair of small horns on your
                  | head. [Xom's grace]
  5059 | D:7      | Gained mutation: You expend magic power (3 MP) to
                  | strengthen your wands. [Xom's grace]
  5059 | D:7      | Gained mutation: You passively map a small area around you.
                  | [Xom's grace]
  5059 | D:7      | Gained mutation: You are mostly covered in iridescent
                  | scales. (AC +4) [Xom's grace]
  5191 | D:7      | Noticed Pikel
  5240 | D:7      | XOM: scenery: summon butterflies
  5241 | D:7      | Killed Pikel
  5241 | D:7      | XOM: divine lightning
  5312 | D:7      | Learned a level 1 spell: Apportation
  5331 | D:7      | Found a sacrificial altar of Ru.
  5790 | D:7      | Found a runed translucent door.
  5791 | D:7      | Noticed Crazy Yiuf
  5797 | D:7      | Killed Crazy Yiuf
  5961 | D:8      | Found a flagged portal.
  5974 | Bailey   | Entered a bailey
  6021 | Bailey   | XOM: summons friendly ufetubus
  6029 | Bailey   | Reached XP level 10. HP: 72/74 MP: 8/10
  6032 | Bailey   | XOM: cast spell 'Olgreb's Toxic Radiance'
  6088 | Bailey   | XOM: 4-stop teleportation journey
  6160 | Bailey   | XOM: scenery: 4 doors close
  6173 | Bailey   | XOM: fake destruction
  6193 | Bailey   | Found a bloodstained altar of Trog.
  6303 | D:8      | XOM: god gift: staff of air
  6381 | D:8      | Identified the +6 quarterstaff of the Endless Expanse
                  | {freeze, Stlth+}
  6564 | D:8      | XOM: scenery: create altars
  6876 | D:8      | XOM: summons 10 friendly demons
  6946 | D:9      | XOM: destruction
  6957 | D:9      | XOM: scenery: create altars
  6966 | D:9      | XOM: scenery: summon butterflies
  6974 | D:9      | XOM: summons friendly crimson imp
  6981 | D:9      | XOM: polymorph basilisk -> bat
  7017 | D:9      | Noticed an elephant
  7028 | D:9      | XOM: scenery: create altars
  7029 | D:9      | XOM: summons 2 friendly demons
  7042 | D:9      | Killed an elephant
  7051 | D:9      | XOM: cleaving
  7187 | D:9      | XOM: silly message
  7289 | D:9      | Found a staircase to the Lair.
  7333 | D:9      | Reached skill level 10 in Evocations
  7467 | D:9      | Reached skill level 1 in Armour
  7649 | D:9      | XOM: summons 9 friendly demons
  7723 | D:9      | Noticed a two-headed ogre
  7732 | D:9      | Killed a two-headed ogre
  7733 | D:9      | Reached XP level 11. HP: 71/85 MP: 9/11
  7793 | D:9      | Noticed Maggie
  7797 | D:9      | XOM: divination: detect creatures
  7805 | D:9      | XOM: smoke on damage
  7812 | D:9      | Killed Maggie
  8071 | Lair:1   | Entered Level 1 of the Lair of Beasts
  8132 | Lair:1   | XOM: 4-stop teleportation journey
  8149 | Lair:1   | Noticed a boulder beetle
  8153 | Lair:1   | XOM: divination: magic mapping
  8163 | Lair:1   | XOM: scenery: create altars
  8167 | Lair:1   | Killed a boulder beetle
  8168 | Lair:1   | Reached skill level 5 in Fighting
  8226 | Lair:1   | XOM: 3-stop teleportation journey
  8268 | Lair:1   | XOM: cast spell 'Summon Mana Viper'
  8280 | Lair:1   | Reached skill level 1 in Shapeshifting
  8382 | Lair:1   | XOM: silly message
  8481 | Lair:1   | XOM: silly message
  8645 | Lair:1   | Noticed Grum
  8869 | Lair:1   | XOM: divination: detect items
  8870 | Lair:1   | Reached skill level 5 in Armour
  8914 | Lair:1   | XOM: scenery: create altars
  8956 | Lair:1   | XOM: divination: detect creatures
  9090 | Lair:1   | Killed Grum
  9091 | Lair:1   | Reached skill level 5 in Shapeshifting
  9092 | Lair:1   | XOM: potion effect (haste)
  9094 | Lair:1   | XOM: silly message
  9521 | Lair:2   | XOM: silly message
  9619 | Lair:2   | XOM: silly message
  9722 | Lair:2   | Got the Incunable of Hyperthermia
  9760 | Lair:2   | Found a staircase to the Swamp.
  9926 | Lair:2   | XOM: 2-stop teleportation journey
  9937 | Lair:2   | XOM: blink monster(s)
  9945 | Lair:2   | XOM: enchant monster (good)
 10016 | Lair:2   | Found a staircase to the Snake Pit.
 10019 | Lair:2   | XOM: noise
 10063 | Lair:2   | XOM is BORED!
 10063 | Lair:2   | XOM: give mutations
 10063 | Lair:2   | Lost mutation: You passively map a small area around you.
                  | [Xom's mischief]
 10063 | Lair:2   | Gained mutation: Your mind is acute. (Int +4, Str/Dex -1)
                  | [Xom's mischief]
 10209 | Lair:2   | XOM: god gift: scroll of enchant armour
 10500 | Lair:3   | XOM: scenery: summon butterflies
 10506 | Lair:3   | XOM: scenery: create altars
 10518 | Lair:3   | Reached XP level 12. HP: 76/94 MP: 12/12
 10579 | Lair:3   | Noticed Ixoagrun's ghost (journeyman MiFi)
 10581 | Lair:3   | Noticed a five-headed hydra
 10593 | Lair:3   | Found a runed translucent gate.
 10596 | Lair:3   | Noticed Sonja
 10602 | Lair:3   | Killed Sonja
 10666 | Lair:3   | Found a runed translucent gate.
 10667 | Lair:3   | Found a runed translucent gate.
 10835 | Lair:3   | Noticed Gastronok
 10858 | Lair:3   | Gastronok changed into Gastronok the formless jellyfish
 10858 | Lair:3   | Noticed Gastronok
 10858 | Lair:3   | XOM: polymorph Gastronok -> Gastronok the formless
                  | jellyfish
 10860 | Lair:3   | XOM: cleaving
 10861 | Lair:3   | Paralysed by Gastronok for 1 turns
 10870 | Lair:3   | XOM: summons friendly shadow imp
 10874 | Lair:3   | Killed Gastronok the formless jellyfish
 10941 | Lair:3   | XOM: silly message
 10963 | Lair:3   | Reached skill level 10 in Shapeshifting
 11266 | Lair:3   | Noticed an eight-headed hydra
 11268 | Lair:3   | XOM: summons friendly crimson imp
 11278 | Lair:3   | XOM: silly message
 11286 | Lair:3   | HP: 4/94 [black mamba (9)]
 11289 | Lair:3   | Slain by a black mamba

Illustrated notes

Levels and vault maps discovered:
D:1:      ncdulo_watergridlock, layout_rooms,
          shapermc_ecumenical_altar_totnotflames
D:2:      layout_loops_cross, basic_altar, grunt_ministairs_6
D:3:      layout_basic, demons_altar, mainiacjoe_overflow_cross_hatched,
          hangedman_decor_points, uniq_jessica, uniq_natasha
D:4:      minmay_inner_zag, layout_basic, old_standard_altar,
          gammafunk_ghost_cemetery
D:5:      layout_rooms, ashenzari_altar_1, minmay_temple_entry_glassed_door
D:6:      layout_loops_ring, old_standard_altar, minivault_19
D:7:      layout_loops_ring, nemelex_spade_bored_becter,
          nicolae_ru_the_path_less_chosen, marbit_many_paths,
          lemuel_round_altar, serial_shops, nicolae_shop_mannequins,
          minmay_misc_feat_nine_boxes, uniq_crazy_yiuf_cottage, uniq_pikel
D:8:      lemuel_slime, layout_basic, enter_bailey_3
D:9:      layout_loops_ring, david_lair_generic, uniq_maggie
Temple:   dpeg_three_leaves_temple
Lair:1:   layout_cave_pods, fungi_pond_lemuel, uniq_grum
Lair:2:   layout_regular_city, swamp_mist, guppyfry_snake_entry_garden
Lair:3:   layout_loops_ring, gammafunk_ghost_split, hellmonk_talismancer,
          lemuel_fruit_tree, serial_bayou_shore_a, uniq_gastronok, uniq_sonja

Skill      XL: |  1  2  3  4  5  6  7  8  9 10 11 12 |
---------------+-------------------------------------+-----
Stealth        | 1 2 3 4 5 6 9 10 | 10.0
Dodging        | 3 4 5 |  5.0
Long Blades    | 4 5 6 9 10 | 10.0
Evocations     | 1 7 10 | 10.0
Fighting       | 4 5 |  5.0
Armour         | 3 5 |  5.0
Shapeshifting  | 8 10 | 10.0
Spellcasting   | |  0.4
Translocations | |  0.3

Action                     |  1- 3 |  4- 6 |  7- 9 | 10-12 || total
---------------------------+-------+-------+-------+-------++-------
  Melee: Falchion          |   104 |   164 |   353 |    42 ||   663
         Bite              |    11 |    17 |    53 |    81 ||   162
         Punch             |     1 |     1 |     7 |     7 ||    16
         Dagger            |       |     6 |   164 |    69 ||   239
         Headbutt          |       |       |    26 |   109 ||   135
         Long sword        |       |       |       |   414 ||   414
         Short sword       |       |       |       |     1 ||     1
  Throw: Boomerang         |       |       |     5 |     5 ||    10
  Evoke: Wand              |       |       |       |     2 ||     2
    Use: Scroll            |       |     3 |     7 |    19 ||    29
         Potion            |       |       |       |     4 ||     4
   Stab: Sleeping          |     1 |     6 |     6 |    13 ||    26
         Confused          |       |     2 |     1 |       ||     3
         Petrified         |       |       |    13 |       ||    13
         Distracted        |       |       |     2 |       ||     2
         Petrifying        |       |       |     4 |       ||     4
         Paralysed         |       |       |     4 |       ||     4
 Armour: Leather armour    |    68 |    58 |    49 |       ||   175
         Ring mail         |       |       |    95 |   152 ||   247
  Dodge: Dodged            |    83 |   231 |   445 |   400 ||  1159
         Repelled          |       |       |     1 |       ||     1
  Block: Other             |       |       |    20 |    79 ||    99

Action                     |  1- 3 |  4- 6 |  7- 9 | 10-12 || total
---------------------------+-------+-------+-------+-------++-------
  Melee: Falchion          |   104 |   164 |   353 |    42 ||   663
         Bite              |    11 |    17 |    53 |    81 ||   162
         Punch             |     1 |     1 |     7 |     7 ||    16
         Dagger            |       |     6 |   164 |    69 ||   239
         Headbutt          |       |       |    26 |   109 ||   135
         Long sword        |       |       |       |   414 ||   414
         Short sword       |       |       |       |     1 ||     1
  Throw: Boomerang         |       |       |     5 |     5 ||    10
  Evoke: Wand              |       |       |       |     2 ||     2
    Use: Scroll            |       |     3 |     7 |    19 ||    29
         Potion            |       |       |       |     4 ||     4
   Stab: Sleeping          |     1 |     6 |     6 |    13 ||    26
         Confused          |       |     2 |     1 |       ||     3
         Petrified         |       |       |    13 |       ||    13
         Distracted        |       |       |     2 |       ||     2
         Petrifying        |       |       |     4 |       ||     4
         Paralysed         |       |       |     4 |       ||     4
 Armour: Leather armour    |    68 |    58 |    49 |       ||   175
         Ring mail         |       |       |    95 |   152 ||   247
  Dodge: Dodged            |    83 |   231 |   445 |   400 ||  1159
         Repelled          |       |       |     1 |       ||     1
  Block: Other             |       |       |    20 |    79 ||    99

Levels and vault maps discovered:
D:1:      ncdulo_watergridlock, layout_rooms,
          shapermc_ecumenical_altar_totnotflames
D:2:      layout_loops_cross, basic_altar, grunt_ministairs_6
D:3:      layout_basic, demons_altar, mainiacjoe_overflow_cross_hatched,
          hangedman_decor_points, uniq_jessica, uniq_natasha
D:4:      minmay_inner_zag, layout_basic, old_standard_altar,
          gammafunk_ghost_cemetery
D:5:      layout_rooms, ashenzari_altar_1, minmay_temple_entry_glassed_door
D:6:      layout_loops_ring, old_standard_altar, minivault_19
D:7:      layout_loops_ring, nemelex_spade_bored_becter,
          nicolae_ru_the_path_less_chosen, marbit_many_paths,
          lemuel_round_altar, serial_shops, nicolae_shop_mannequins,
          minmay_misc_feat_nine_boxes, uniq_crazy_yiuf_cottage, uniq_pikel
D:8:      lemuel_slime, layout_basic, enter_bailey_3
D:9:      layout_loops_ring, david_lair_generic, uniq_maggie
Temple:   dpeg_three_leaves_temple
Lair:1:   layout_cave_pods, fungi_pond_lemuel, uniq_grum
Lair:2:   layout_regular_city, swamp_mist, guppyfry_snake_entry_garden
Lair:3:   layout_loops_ring, gammafunk_ghost_split, hellmonk_talismancer,
          lemuel_fruit_tree, serial_bayou_shore_a, uniq_gastronok, uniq_sonja
